 Dungeon Crawl Stone Soup version 0.28.0-53-g5a82cb258f (webtiles) character file.

Game seed: 11468527180295508079

253 styxcanada the Covert (level 5, -1/23 HPs)
             Began as a Spriggan Brigand on July 10, 2022.
             Succumbed to a kobold brigand's poison
             ... in a sewer.
             The game lasted 00:12:47 (2523 turns).

styxcanada the Covert (Spriggan Brigand)            Turns: 2523, Time: 00:12:48

Health: -1/23      AC:  5    Str:  7    XL:     5   Next: 90%
Magic:  4/8        EV: 17    Int: 11    God:
Gold:   52         SH:  0    Dex: 18    Spells: 4/6 levels left

rFire   . . .      SeeInvis +   a - +2 dagger
rCold   . . .      Faith    .   (no shield)
rNeg    + . .      Spirit   +   o - +2 robe {rN+}
rPois   .          Reflect  .   (helmet restricted)
rElec   .          Harm     .   c - +0 cloak
rCorr   .          Rampage  .   (gloves unavailable)
Will    .....                   (boots unavailable)
Stlth   ++........              f - amulet of guardian spirit
HPRegen 0.07/turn               (no ring)
MPRegen 0.11/turn               (no ring)

@: lethally poisoned (-1 -> -9), invisible (expiring), slow
A: very small, no large weapons, unfitting armour, see invisible, speed 3,
talons 1, dopey 1, frail 1
a: no special abilities


You were in a sewer.
You visited 1 branch of the dungeon, and saw 3 of its levels.
You also visited: Sewer.

You collected 52 gold pieces.

Inventory:

Hand Weapons
 a - a +2 dagger (weapon)
Missiles
 d - 7 poisoned darts (quivered)
 e - 2 curare-tipped darts
 h - 42 stones
 r - a throwing net
Armour
 c - a +0 cloak (worn)
 o - a +2 robe of positive energy (worn)
Magical Staves
 i - a staff of cold
Jewellery
 f - an amulet of guardian spirit (around neck)
 g - an amulet of faith
Scrolls
 b - a scroll of magic mapping
 k - 3 scrolls of vulnerability {unknown}
 l - 2 scrolls of enchant armour {unknown}
 m - a scroll of acquirement {unknown}
 p - a scroll of enchant weapon {unknown}
Potions
 n - a potion of haste {unknown}
 q - a potion of magic {unknown}
 s - a potion of cancellation {unknown}


   Skills:
 * Level 2.2 Fighting
 + Level 2.5 Short Blades
 + Level 2.3 Throwing
 * Level 2.6 Dodging
 * Level 9.3 Stealth
 * Level 1.4 Spellcasting
 * Level 0.2 Fire Magic


You had 4 spell levels left.
You knew the following spells:

 Your Spells              Type           Power      Damage    Failure   Level
a - Scorch                Fire           2%         2d5       38%         2

Your spell library contained the following spells:

 Spells                   Type           Power      Damage    Failure   Level
 Flame Wave               Conj/Fire      1%         2d4       96%         4
 Olgreb's Toxic Radiance  Pois           0%         N/A       97%         4
 Summon Cactus Giant      Summ           0%         N/A       100%        6
 Ozocubu's Refrigeration  Ice            0%         4d5       100%        7
 Ignition                 Fire           0%         3d3       100%        8


Dungeon Overview and Level Annotations

Branches:
Dungeon (3/15)              Sewer (1/1)

Altars:
The Shining One

Shops:
D:1 (   D:2 :


Innate Abilities, Weirdness & Mutations

You are very small and have problems with some larger weapons.
You are too small for most types of armour.
You have supernaturally acute eyesight. (SInv)
You cover ground extremely quickly. (Speed+++)
You have sharp toenails.
You are dopey. (Int -2)
You are frail. (-10% HP)


Message History

...and don't expect to remain undetected.
j - a golden potion A ball python comes into view.
You enter the shallow water.
Moving in this stuff is going to be slow. ...and don't expect to remain undetected.
A kobold brigand comes into view.
It is wielding a +0 dagger and quivering poisoned darts.
You enter the shallow water.
Moving in this stuff is going to be slow. ...and don't expect to remain undetected.
Your unstable footing causes you to fumble your attack.
The helpless ball python fails to defend itself.
You perforate the ball python like a sieve!!!
You kill the ball python!
You see here a ball python corpse.
You enter the shallow water.
Moving in this stuff is going to be slow. ...and don't expect to remain undetected.
A kobold comes into view. It is wielding a +0 dagger.
You enter the shallow water.
Moving in this stuff is going to be slow. ...and don't expect to remain undetected.
The kobold shouts!
The kobold brigand shouts!
The kobold brigand closely misses you.
Your unstable footing causes you to fumble your attack.
You hit the kobold brigand.
The kobold brigand is lightly wounded.
The kobold brigand closely misses you.
The kobold brigand throws a poisoned dart.
The poisoned dart hits you!
You are lethally poisoned!
Your unstable footing causes you to fumble your attack.
* * * LOW HITPOINT WARNING * * *
You feel very sick. The kobold misses you.
It was a potion of mutation.
You feel extremely strange.
You feel stupid.
You feel frail.
Your toenails lengthen and sharpen.
You flicker for a moment.
You die...

#≈# #≈# ≈..≈..≈#≈#
#P....≈#≈##
.≈P≈≈.≈#≈P .#
.P..≈≈.#≈# ≈##
..≈.≈..#≈# ..
.≈.≈≈.≈#K#########.##
...≈≈≈≈#@#†.#≈#≈..P.#
≈.≈≈...KPP≈.#≈#.≈PPP#
≈.≈≈..≈.P.≈≈#≈#..≈..#
..≈≈≈≈...≈..#≈#...≈.#
.≈≈..#≈#..≈≈#≈#≈...##
..####≈##..≈.≈....##
. #≈ ####..≈≈≈≈## #≈
###≈.≈≈.## #≈
#..≈≈†.#


You could see a kobold brigand and a kobold.

Vanquished Creatures
  Sigmund (D:2)
  Robin (D:2)
  2 river rats
  An adder (D:2)
  2 worms
  A dart slug (D:3)
  6 ball pythons
  4 bats
  5 endoplasms
  A giant cockroach (D:2)
  5 hobgoblins
  A jackal (Sewer)
  2 kobolds
  4 frilled lizards
  8 goblins
  8 rats
52 creatures vanquished.

Vanquished Creatures (others)
  3 plants (Sewer)
3 creatures vanquished.

Grand Total: 55 creatures vanquished

Notes
Turn   | Place    | Note
-------+----------+-------------------------------------------
     0 | D:1      | styxcanada the Spriggan Brigand began the quest for the
                  | Orb.
     0 | D:1      | Reached XP level 1. HP: 10/10 MP: 2/2
     6 | D:1      | Noticed a polar bear
     6 | D:1      | Noticed a lindwurm
     6 | D:1      | Noticed a wolf
     7 | D:1      | Noticed a black mamba
     7 | D:1      | Noticed a redback
    38 | D:1      | Reached skill level 6 in Stealth
   527 | D:1      | Reached XP level 2. HP: 14/14 MP: 3/3
   982 | D:1      | Found Siezxaed's Antique Weapon Boutique.
  1027 | D:1      | Found a faded altar of an unknown god.
  1204 | D:2      | Reached skill level 7 in Stealth
  1204 | D:2      | Reached XP level 3. HP: 18/18 MP: 4/4
  1251 | D:2      | Found Doenyut's Book Boutique.
  1272 | D:2      | Noticed Sigmund
  1280 | D:2      | Killed Sigmund
  1281 | D:2      | Reached skill level 8 in Stealth
  1281 | D:2      | Reached skill level 1 in Spellcasting
  1281 | D:2      | Reached XP level 4. HP: 23/23 MP: 4/6
  1281 | D:2      | Reached XP level 5. HP: 26/26 MP: 4/7
  1289 | D:2      | Reached skill level 9 in Stealth
  1488 | D:2      | Learned a level 2 spell: Scorch
  1566 | D:2      | You fall into a shaft and drop 1 floor!
  1691 | D:2      | Noticed Robin
  1731 | D:2      | Killed Robin
  2167 | D:3      | Found a glowing golden altar of the Shining One.
  2340 | D:3      | Found a glowing drain.
  2345 | Sewer    | Entered a sewer
  2484 | Sewer    | HP: 1/26 [river rat (2)]
  2522 | Sewer    | HP: 1/26 [poisoned by a kobold brigand]
  2523 | Sewer    | Gained mutation: You are dopey. (Int -2) [potion of
                  | mutation]
  2523 | Sewer    | Gained mutation: You are frail. (-10% HP) [potion of
                  | mutation]
  2523 | Sewer    | Gained mutation: You have sharp toenails. [potion of
                  | mutation]
  2523 | Sewer    | Succumbed to a kobold brigand's poison

Illustrated notes

Levels and vault maps discovered:
D:1:      onia_arrival_zoo_common, layout_basic, serial_shops,
          nicolae_shop_statue_plus, hellmonk_ecumenical_altar_leap_of_faith
D:2:      minmay_spotlight, layout_basic, serial_shops, nicolae_shop_waterfront,
          uniq_sigmund, uniq_robin
D:3:      layout_basic, tso_metal_star, lightli_sewer_entry_pipes
Sewer:    sewer_co_scattered_pipes

Skill      XL: |  1  2  3  4  5 |
---------------+----------------+-----
Stealth        | 6 7 8 9 |  9.3
Fighting       | 2 |  2.2
Dodging        | 2 |  2.6
Spellcasting   | 1 |  1.4
Short Blades   | |  2.5
Throwing       | |  2.3
Fire Magic     | |  0.2

Action                   |  1- 3 |  4- 6 || total
-------------------------+-------+-------++-------
Melee: Dagger            |    35 |   118 ||   153
       Punch             |       |     3 ||     3
Throw: Dart              |     8 |    21 ||    29
       Stone             |       |     3 ||     3
  Use: Potion            |       |     2 ||     2
       Scroll            |       |     1 ||     1
 Stab: Sleeping          |    13 |    10 ||    23
       Distracted        |       |     1 ||     1
       Invisible         |       |     1 ||     1
Armor: Robe              |     3 |    17 ||    20
Dodge: Dodged            |    13 |    80 ||    93
